 Dungeon Crawl Stone Soup version 0.17.1-3-g152610e (webtiles) character file.

29239 Charly the Unseen (level 13, 0/90 HPs)
             Began as a Vampire Enchanter on Apr 29, 2016.
             Was an Elder of Kikubaaqudgha.
             Slain by a griffon (14 damage)
             ... on level 2 of the Shoals.
             The game lasted 02:24:52 (5566 turns).

Charly the Unseen (Vampire Enchanter)               Turns: 5566, Time: 02:24:52

Health: 0/90       AC:  9    Str:  7    XL:     13   Next: 14%
Magic:  13/23      EV:  8    Int: 26    God:    Kikubaaqudgha [****..]
Gold:   785        SH:  0    Dex: 19    Spells: 8 memorised, 1 level left

rFire  x . .     SeeInvis +     b - +1 dagger (chaos)
rCold  + . .     Clarity  .     z - +2 robe
rNeg   + . .     SustAt   .     (no shield)
rPois  .         Gourm    .     (no helmet)
rElec  +         Spirit   .     u - +1 cloak
rCorr  .         Warding  .     g - +0 pair of gloves
rMut   .         Stasis   .     s - +1 pair of boots
MR     +....                    Q - amulet of faith
Stlth  +++++++++.               m - +6 ring of intelligence
                                c - ring of ice

@: very slightly contaminated, held, studying Throwing, invisible, somewhat
resistant to hostile enchantments, incredibly stealthy
A: fangs 3, see invisible, agile 1, blink, electricity resistance, unbreathing,
subdued magic 1
a: Bat Form, Blink, Receive Corpses, Renounce Religion


You were on level 2 of the Shoals.
You worshipped Kikubaaqudgha.
Kikubaaqudgha was greatly pleased with you.
You were not thirsty.

You visited 4 branches of the dungeon, and saw 31 of its levels.
You also visited: Labyrinth and Volcano.

You collected 785 gold pieces.

Inventory:

Hand Weapons
 b - a +1 dagger of chaos (weapon)
 F - the +6 Majin-Bo {vamp, Archmagi MP+6 Int+6}
   (You found it in a labyrinth)

   It inflicts no extra harm, but heals its wielder somewhat when it strikes a
   living foe.
   It affects your intelligence (+6).
   It affects your magic capacity (+6).
Armour
 g - a +0 pair of gloves (worn)
 l - the +0 scale mail "Foyled" {rF+}
   (You found it in a labyrinth)

   It protects you from fire.
 s - a +1 pair of boots (worn)
 u - a +1 cloak (worn)
 z - a +2 robe (worn)
 G - the +0 ring mail of the Mantidfly {Int+2}
   (You found it on level 1 of the Shoals)

   It affects your intelligence (+2).
Magical Staves
 a - an uncursed staff of power
 M - an uncursed staff of wizardry
Rods
 A - a +1 rod of inaccuracy (10/10)
   (You found it in a labyrinth)
Jewellery
 c - a ring of ice (left hand)
 e - the ring "Fuwkab" {rElec Str+3 Int-3 Dex+3 Stlth+}
   (You found it on level 4 of the Lair of Beasts)

   [ring of dexterity]

   It affects your strength (+3).
   It affects your intelligence (-3).
   It affects your dexterity (+3).
   It insulates you from electricity.
   It makes you more stealthy.
 k - the ring "Qatod" {rElec rPois Int+4 Slay-5}
   (You found it on level 6 of the Lair of Beasts)

   [ring of poison resistance]

   It affects your intelligence (+4).
   It affects your accuracy and damage with ranged weapons and melee attacks
   (-5).
   It insulates you from electricity.
   It protects you from poison.
 m - a +6 ring of intelligence (right hand)
 N - an uncursed ring of magical power
 Q - an amulet of faith (around neck)
 S - the ring "Mikyri" {Wiz rElec MR- Int+2 Dex+2}
   (You found it on level 2 of the Spider Nest)

   [ring of wizardry]

   It improves your spell success rate.
   It affects your intelligence (+2).
   It affects your dexterity (+2).
   It insulates you from electricity.
   It affects your resistance to hostile enchantments.
Wands
 j - a wand of teleportation (1)
 p - a wand of invisibility (0)
 v - a wand of polymorph (16)
 B - a wand of enslavement (14)
 V - a wand of frost (21)
Scrolls
 d - a scroll of enchant weapon
 h - 3 scrolls of enchant armour
 q - 2 scrolls of recharging
 x - 5 scrolls of remove curse
 D - 3 scrolls of teleportation
 H - a scroll of fog
 O - a scroll of brand weapon
 R - a scroll of magic mapping
Potions
 f - a potion of haste
 i - a potion of magic
 o - 3 potions of agility
 r - 5 potions of curing
 t - a potion of flight {unknown}
 E - a potion of cancellation {unknown}
 I - a potion of brilliance {unknown}
 K - a potion of might {unknown}
 T - 2 potions of resistance
 U - a potion of berserk rage {unknown}
Books
 w - a book of Dreams

   Spells                             Type                      Level
   a - Ensorcelled Hibernation        Hexes/Ice                    2
   b - Phase Shift                    Translocation                5
   c - Shadow Creatures               Summoning                    5
   d - Silence                        Hexes/Air                    5
   e - Darkness                       Hexes                        6
   f - Mass Confusion                 Hexes                        6
 y - Kikubaaqudgha's Catalogue of Evil
   (Kikubaaqudgha gifted it to you on level 13 of the Dungeon)

   Spells                             Type                      Level
   a - Pain                           Necromancy                   1
   b - Corpse Rot                     Necromancy                   2
   c - Sublimation of Blood           Necromancy                   2
   d - Vampiric Draining              Necromancy                   3
   e - Control Undead                 Necromancy                   4
 C - a manual of Throwing
 L - a Fen Folio

   Spells                             Type                      Level
   a - Corpse Rot                     Necromancy                   2
   b - Stone Arrow                    Conjuration/Earth            3
   c - Leda's Liquefaction            Hexes/Earth                  4
   d - Summon Forest                  Summoning/Translocation      5
   e - Hydra Form                     Transmutation                6
   f - Summon Hydra                   Summoning                    7
 P - Kikubaaqudgha's Catalogue of Sinister Arts
   (Kikubaaqudgha gifted it to you on level 7 of the Lair of Beasts)

   Spells                             Type                      Level
   a - Animate Dead                   Necromancy                   4
   b - Excruciating Wounds            Charms/Necromancy            5
   c - Bolt of Draining               Conjuration/Necromancy       5
   d - Agony                          Necromancy                   5
   e - Dispel Undead                  Necromancy                   5
Miscellaneous
 n - a fan of gales
 J - a phantom mirror


   Skills:
 - Level 4.4 Fighting
 - Level 6.8 Short Blades
 - Level 2.4 Armour
 - Level 5.9 Dodging
 + Level 19.1 Stealth
 - Level 7.0 Spellcasting
 - Level 13.5 Hexes
 * Level 10.1 Necromancy
 - Level 3.4 Ice Magic


You had one spell level left.
You knew the following spells:

 Your Spells              Type           Power        Failure   Level  Hunger
a - Animate Dead          Necr           N/A          1%          4    ###....
b - Corona                Hex            ######.      0%          1    None
c - Confuse               Hex            ######..     0%          3    None
d - Tukima's Dance        Hex            ######..     0%          3    None
h - Ensorcelled Hibernat  Hex/Ice        ######       1%          2    None
m - Mephitic Cloud        Conj/Pois/Air  #.......     11%         3    None
s - Dazzling Spray        Conj/Hex       ####....     1%          3    None
D - Darkness              Hex            ######....   1%          6    ######.


Dungeon Overview and Level Annotations

Branches:
Dungeon (15/15)              Lair (8/8) D:11         Shoals (4/4) Lair:4
 Spider (4/4) Lair:3       Vaults (0/5) D:13
 Temple: D:4-7        Slime: Lair:6-8       Orc: D:9-12      Depths: D:15

Altars:
Kikubaaqudgha
Nemelex Xobeh
Xom

Annotations:
Lair:1 Urug
Lair:5 exclusion: 2 oklob plants
Lair:6 3 exclusions
Shoals:3 exclusion: downstairs, Polyphemus
Shoals:4 Ilsuiw
Spider:2 exclusion: upstairs
Spider:4 Arachne


Innate Abilities, Weirdness & Mutations

You have razor-sharp teeth.
You have supernaturally acute eyesight.
You can survive without breathing.
You are agile. (Dex +2)
You can translocate small distances at will.
You are resistant to electric shocks.
Your spells are a little easier to cast, but a little less powerful.


Message History

You struggle against the net.
The griffon bites you.
* * * LOW HITPOINT WARNING * * *
The griffon barely misses you. x2
A wind drake comes into view.
Unknown command.
You try to slip out of the net.
The griffon bites you.
* * * LOW HITPOINT WARNING * * *
The griffon pecks you.
* * * LOW HITPOINT WARNING * * *
The griffon claws you.
* * * LOW HITPOINT WARNING * * *
Unknown command.
Casting: Mephitic Cloud
Confirm with . or Enter, or press ? or * to list all spells.
Aiming: Tukima's Dance
Press: ? - help, Shift-Dir - straight line, f - merfolk
Aim: a merfolk, wielding a trident (chance to defeat MR: 85%)
The trident dances into the air!
The griffon bites you!
You die...
Kikubaaqudgha rasps: "You have failed me!
Welcome... oblivion!"

≈≈≈≈≈≈≈≈≈≈≈≈......≈≈≈≈≈≈≈≈≈≈≈≈≈≈≈
≈≈≈≈≈...≈≈≈≈≈.....≈≈≈≈≈≈≈≈≈≈≈≈≈≈≈
≈≈.#####.P≈≈......≈≈≈≈≈≈≈≈≈≈≈≈≈≈≈
≈..# #..≈≈≈≈...≈≈≈≈≈P≈≈≈≈≈≈≈≈≈≈
≈..## ###..≈≈≈...≈..≈≈≈≈≈≈≈≈≈≈≈≈≈
≈...##..##....P.PP.≈≈....≈≈≈≈≈≈≈≈
........###...##..PP≈P..
.....P(..##....##.P.#
......#..PP...P.@P..#
##....PP.....$.mPH......
##.%.P..≈P≈≈....≈≈≈≈..≈≈
#.....P≈≈≈≈≈≈≈.≈≈≈≈≈.%≈≈
....≈≈.≈≈≈....≈≈(≈≈≈≈.≈≈
....≈≈.≈≈≈.P..$≈≈k≈...≈≈
...≈≈≈..≈≈..≈≈≈≈≈≈≈≈.≈≈≈
#..≈≈≈..≈≈...≈≈≈≈≈≈≈≈≈≈≈
#..≈≈≈...≈.


You could see a griffon, a wind drake (wandering), a merfolk and a friendly
trident.

Vanquished Creatures
  A minotaur (Lab)
  3 hydras
  An unseen horror (D:10)
  3 manticores
  An orb spider (Spider:4)
  4 wolf spiders (Spider:4)
  A moth of wrath (Spider:4)
  2 griffons
  A centaur zombie (D:15)
  A siren (Shoals:1)
  A black mamba (Lair:4)
  Psyche (D:11)
  A torpor snail (Lair:6)
  A spiny frog (Lair:4)
  7 fire drakes
  2 komodo dragons
  A merfolk (Shoals:2)
  2 demonic crawlers
  2 jumping spiders
  A two-headed ogre (D:8)
  A polar bear (Lair:6)
  3 blink frogs
  2 snapping turtles (Shoals:1)
  4 redbacks
  3 trapdoor spiders (Lair:3)
  Sigmund (D:4)
  2 tarantellas
  18 yaks
  A hungry ghost (D:14)
  3 hippogriffs
  2 basilisks (Lair:4)
  2 vampire mosquitoes (D:15)
  11 wolves
  4 water moccasins
  5 porcupines
  An orc warrior (D:8)
  A wasp (Spider:4)
  A spider (Spider:1)
  2 ogres (D:13)
  8 crocodiles
  A centaur (Shoals:1)
  10 giant frogs
  3 wights (D:7)
  6 killer bees (D:13)
  A crimson imp (D:15)
  A wasp zombie (D:6)
  2 centaur skeletons
  3 hounds
  3 orc wizards
  7 iguanas
  5 worker ants
  18 sheep
  10 adders
  31 river rats
  2 shadow imps
  2 worms
  2 giant geckos
  7 orcs
  A giant cockroach (D:4)
  2 hobgoblins (D:2)
  A goblin (D:3)
  A kobold (D:3)
  A rat (D:2)
232 creatures vanquished.

Vanquished Creatures (collateral kills)
  Roxanne (Shoals:1)
  A vault guard (D:13)
  An entropy weaver (Spider:4)
  A sea snake (Shoals:1)
  A harpy (Shoals:1)
  A hill giant (D:11)
  An orb spider (Spider:3)
  A wolf spider (Spider:3)
  2 fauns (Shoals:1)
  A siren (Shoals:1)
  5 jumping spiders
  2 merfolk
  A snapping turtle (Shoals:1)
  A tarantella (Spider:4)
  5 redbacks
  A hippogriff (Shoals:1)
  6 spiders
32 creatures vanquished.

Vanquished Creatures (others)
  A dancing weapon (Lab)
  A fungus (Lair:4)
2 creatures vanquished.

Grand Total: 266 creatures vanquished

Notes
Turn   | Place    | Note
--------------------------------------------------------------
     0 | D:1      | Charly the Vampire Enchanter began the quest for the Orb.
     0 | D:1      | Reached XP level 1. HP: 13/13 MP: 3/3
     3 | D:1      | Charly: yo
     3 | D:1      | Charly: why anon?
   185 | D:3      | Reached skill level 5 in Stealth
   185 | D:3      | Reached skill level 5 in Hexes
   185 | D:3      | Reached XP level 2. HP: 7/19 MP: 5/5
   207 | D:4      | Learned a level 2 spell: Ensorcelled Hibernation
   240 | D:4      | Noticed an iguana
   245 | D:4      | Killed an iguana
   245 | D:4      | Reached XP level 3. HP: 7/24 MP: 6/6
   267 | D:4      | Learned a level 3 spell: Confuse
   356 | D:4      | Reached skill level 6 in Stealth
   362 | D:5      | Entered Level 5 of the Dungeon
   363 | D:5      | beem: I am beem. For help, type: !beem help
   377 | D:4      | Noticed a worker ant
   384 | D:4      | Killed a worker ant
   384 | D:4      | Reached XP level 4. HP: 23/30 MP: 7/7
   439 | D:3      | jacquesderrida: Good ole Charles the Hot-dog III
   474 | D:3      | jacquesderrida: A duke on these lands
   484 | D:3      | jacquesderrida: A master of this realm
   532 | D:4      | Noticed Sigmund
   554 | D:4      | Killed Sigmund
   554 | D:4      | Reached skill level 7 in Stealth
   554 | D:4      | Reached XP level 5. HP: 8/35 MP: 1/8
   597 | D:4      | Noticed a worker ant
   600 | D:4      | Killed a worker ant
   600 | D:4      | Reached skill level 8 in Stealth
   639 | D:5      | Reached XP level 6. HP: 25/41 MP: 4/9
   709 | D:5      | Learned a level 3 spell: Dazzling Spray
   720 | D:5      | Found an ancient bone altar of Kikubaaqudgha.
   720 | D:5      | Found a sparkling altar of Nemelex Xobeh.
   733 | D:5      | Became a worshipper of Kikubaaqudgha
   826 | D:6      | Gained mutation: You can translocate small distances at will. [potion of mutation]
   826 | D:6      | Gained mutation: You are resistant to electric shocks. [potion of mutation]
  1024 | D:7      | Reached skill level 9 in Stealth
  1038 | D:7      | Reached XP level 7. HP: 33/46 MP: 2/10
  1239 | D:8      | Found a shimmering altar of Xom.
  1264 | D:8      | Reached skill level 10 in Stealth
  1303 | D:8      | Noticed a two-headed ogre
  1310 | D:8      | Killed a two-headed ogre
  1310 | D:8      | Reached skill level 11 in Stealth
  1310 | D:8      | Reached skill level 10 in Hexes
  1321 | D:7      | Reached XP level 8. HP: 44/52 MP: 7/11
  1425 | D:9      | Reached skill level 1 in Ice Magic
  1453 | D:9      | Reached skill level 12 in Stealth
  1457 | D:9      | Reached XP level 9. HP: 57/57 MP: 4/14
  1582 | D:10     | Entered Level 10 of the Dungeon
  1754 | D:13     | Found a gate to the Vaults.
  1754 | D:13     | Noticed a vault guard
  1754 | D:13     | Noticed a vault guard
  1754 | D:13     | Noticed a vault guard
  1754 | D:13     | Noticed a vault guard
  1754 | D:13     | Noticed a vault guard
  1833 | D:13     | Noticed a centaur skeleton
  1877 | D:13     | Killed a centaur skeleton
  1902 | D:13     | Reached * piety under Kikubaaqudgha
  1902 | D:13     | Received a gift from Kikubaaqudgha
  1902 | D:13     | Reached skill level 13 in Stealth
  1903 | D:13     | Identified Kikubaaqudgha's Catalogue of Evil (Kikubaaqudgha gifted it to you on level 13 of the Dungeon)
  1904 | D:13     | Charly: not what i wanted
  1949 | D:15     | Entered Level 15 of the Dungeon
  1951 | D:15     | Noticed a centaur zombie
  1951 | D:15     | Noticed a four-headed hydra
  1954 | D:15     | Noticed an efreet
  1959 | D:15     | Noticed a centaur zombie
  1968 | D:15     | Killed a centaur zombie
  1968 | D:15     | Reached skill level 5 in Spellcasting
  1972 | D:15     | Killed a four-headed hydra
  1972 | D:15     | Reached XP level 10. HP: 63/63 MP: 16/18
  1980 | D:15     | Reached skill level 14 in Stealth
  2039 | D:15     | Noticed a griffon
  2059 | D:15     | Killed a griffon
  2084 | D:15     | Found a labyrinth entrance.
  2089 | Lab      | Entered a labyrinth
  2239 | Lab      | Learned a level 3 spell: Tukima's Dance
  2294 | Lab      | Noticed a minotaur
  2318 | Lab      | Killed a minotaur
  2326 | Lab      | Got a bloodstained scale mail
  2337 | Lab      | Identified the cursed +0 scale mail "Foyled" {rF+} (You found it in a labyrinth)
  2427 | D:13     | Charly: wow
  2431 | D:13     | Killed a vault guard
  2431 | D:13     | Reached skill level 1 in Fighting
  2487 | D:11     | Noticed a hill giant
  2504 | D:11     | Killed a hill giant
  2543 | D:10     | Noticed an unseen horror
  2549 | D:10     | Killed an unseen horror
  2549 | D:10     | Reached skill level 15 in Stealth
  2633 | D:11     | Noticed a fire drake
  2635 | D:11     | Noticed Psyche
  2643 | D:11     | Killed a fire drake
  2646 | D:11     | Found a staircase to the Lair.
  2648 | D:11     | Killed Psyche
  2667 | Lair:1   | Entered Level 1 of the Lair of Beasts
  2684 | Lair:1   | Noticed Urug
  2688 | Lair:1   | Reached XP level 11. HP: 54/74 MP: 15/20
  2809 | Lair:2   | 11/11
  2856 | Lair:2   | Reached skill level 5 in Short Blades
  2856 | Lair:2   | Reached skill level 1 in Armour
  2987 | Lair:4   | Reached ** piety under Kikubaaqudgha
  2987 | Lair:4   | Reached skill level 5 in Dodging
  3012 | Lair:4   | Got a fine tin ring
  3014 | Lair:4   | Identified the ring "Fuwkab" {rElec Str+3 Int-3 Dex+3 Stlth+} (You found it on level 4 of the Lair of Beasts)
  3052 | Lair:4   | Noticed a five-headed hydra
  3101 | Lair:4   | Reached skill level 16 in Stealth
  3151 | Lair:4   | 9/16
  3394 | Lair:6   | Noticed a seven-headed hydra
  3495 | Lair:6   | Found a dark tunnel.
  3513 | Volcano  | Entered a volcano
  3575 | Lair:7   | Noticed a four-headed hydra
  3584 | Lair:7   | Reached *** piety under Kikubaaqudgha
  3584 | Lair:7   | Received a gift from Kikubaaqudgha
  3585 | Lair:7   | Identified Kikubaaqudgha's Catalogue of Sinister Arts (Kikubaaqudgha gifted it to you on level 7 of the Lair of Beasts)
  3593 | Lair:7   | Killed a four-headed hydra
  3599 | Lair:7   | Learned a level 4 spell: Animate Dead
  3599 | Lair:7   | beem: I am beem. For help, type: !beem help
  3656 | Lair:8   | Entered Level 8 of the Lair of Beasts
  3837 | Lair:5   | Charly: motherfucking beem
  3837 | Lair:5   | Charly: how to unsubscribe this bullshit bot?
  3837 | Lair:5   | Vidiiot: ??beem
  3837 | Lair:5   | beem: beem[1/3]: A WebTiles/Twitch chat bot that relays commands to Sequell, Gretell, and Cheibriados. See https://github.com/gammafunk/beem/blob/master/docs/commands.md and https://github.com/gammafunk/beem/ for source
  3837 | Lair:5   | Charly: every time he joins the game freezes
  3837 | Lair:5   | Charly: ??unsubscribe beem
  3837 | Lair:5   | beem: I don't have a page labeled unsubscribe_beem in my learndb.
  3837 | Lair:5   | Vidiiot: !beem unsubscribe
  3837 | Lair:5   | beem: Unsubscribed. beem will no longer watch games of user Vidiiot.
  3837 | Lair:5   | Vidiiot: Type that
  3837 | Lair:5   | Vidiiot: And then rejoin
  3837 | Lair:5   | Charly: !beem unsubscribe
  3837 | Lair:5   | beem: Unsubscribed. beem will no longer watch games of user Charly. Bye!
  3837 | Lair:5   | Charly: thank you
  3837 | Lair:5   | Vidiiot: Phew
  3837 | Lair:5   | Vidiiot: Saw 1 spec, thought it was beem hahahaha
  3837 | Lair:5   | Charly: nah
  3837 | Lair:5   | Charly: hes gona forg ood
  3879 | Lair:5   | Reached XP level 12. HP: 78/84 MP: 20/21
  3895 | Lair:5   | Noticed a seven-headed hydra
  4039 | Lair:6   | Got an ancient silver ring
  4041 | Lair:6   | Identified the ring "Qatod" {rElec rPois Int+4 Slay-5} (You found it on level 6 of the Lair of Beasts)
  4117 | Lair:5   | Killed a seven-headed hydra
  4117 | Lair:5   | Reached skill level 5 in Necromancy
  4140 | Lair:4   | Reached skill level 17 in Stealth
  4232 | Lair:3   | jacquesderrida: please no bully frog
  4235 | Lair:3   | jacquesderrida: frog has suffered enough
  4314 | Lair:3   | Reached **** piety under Kikubaaqudgha
  4332 | Lair:3   | Found a hole to the Spider Nest.
  4345 | Lair:3   | Identified a scroll of acquirement
  4347 | Lair:3   | Charly: why on earth earth ;o
  4347 | Lair:3   | Vidiiot: Haha.
  4347 | Lair:3   | magipi: why book?
  4347 | Lair:3   | Charly: what else?
  4347 | Lair:3   | Charly: armour?
  4347 | Lair:3   | Charly: jewell?
  4347 | Lair:3   | Charly: weapon?
  4347 | Lair:3   | magipi: weapon? Wand? armor?
  4347 | Lair:3   | magipi: in that order
  4347 | Lair:3   | Charly: wand nonsense
  4347 | Lair:3   | Charly: I wont fight much
  4347 | Lair:3   | magipi: haste, invis?
  4347 | Lair:3   | Charly: only need weap for stabbing
  4347 | Lair:3   | Charly: little chance
  4347 | Lair:3   | Charly: got ivi
  4347 | Lair:3   | magipi: ok
  4368 | Lair:3   | Charly: bhabva
  4368 | Lair:3   | Charly: forgot I cant use it twice in a row
  4381 | Spider:1 | Entered Level 1 of the Spider Nest
  4472 | Spider:2 | Got a warped jade ring
  4474 | Spider:2 | Identified the ring "Mikyri" {Wiz rElec MR- Int+2 Dex+2} (You found it on level 2 of the Spider Nest)
  4475 | Spider:2 | Charly: 4th source of rele
  4560 | Spider:3 | Gained mutation: Your spells are a little easier to cast, but a little less powerful. [potion of mutation]
  4560 | Spider:3 | Gained mutation: Your body sometimes deteriorates upon taking damage. [potion of mutation]
  4560 | Spider:3 | Lost mutation: Your body sometimes deteriorates upon taking damage. [potion of mutation]
  4571 | Spider:3 | magipi: the majin-bo is what? qstaff?
  4572 | Spider:3 | Charly: y
  4590 | Spider:3 | jacquesderrida: it's half staff quarter halfstaff and quarter quarterstaff
  4602 | Spider:4 | Entered Level 4 of the Spider Nest
  4607 | Spider:4 | Learned a level 3 spell: Mephitic Cloud
  4637 | Spider:4 | Noticed an entropy weaver
  4641 | Spider:4 | Reached skill level 18 in Stealth
  4662 | Spider:4 | Noticed Arachne
  4681 | Spider:4 | Killed an entropy weaver
  4755 | Spider:4 | Noticed an emperor scorpion
  4812 | Spider:4 | Charly: no regen, no speedrun
  4812 | Spider:4 | Charly: kiku was supposed to give me two spells, regen and simu
  5054 | Lair:4   | Vidiiot: Couldnt you just start as Ne?
  5054 | Lair:4   | jacquesderrida: Thank you, vider
  5054 | Lair:4   | jacquesderrida: I thank thee
  5054 | Lair:4   | Charly: wanted hexes
  5054 | Lair:4   | Charly: for quick early game
  5054 | Lair:4   | Vidiiot: I dont think they should have changed Kiku tbh
  5054 | Lair:4   | Vidiiot: It just encourages startscumming more
  5054 | Lair:4   | Vidiiot: Although old kiku was op tbf
  5054 | Lair:4   | Charly: what has been changed?
  5054 | Lair:4   | Charly: various spellsets?
  5054 | Lair:4   | Vidiiot: It was a long time ago
  5054 | Lair:4   | Vidiiot: But he used to gift books with 100% of the spells
  5054 | Lair:4   | Vidiiot: Now when he gifts you only get 4 of the normal 6 spells in the book
  5054 | Lair:4   | jacquesderrida: good ole kiker
  5105 | Lair:4   | Gained mutation: You are agile. (Dex +2) [potion of mutation]
  5117 | Lair:4   | Found a staircase to the Shoals.
  5128 | Lair:4   | Noticed a death yak
  5153 | Lair:4   | Noticed a death yak
  5154 | Lair:4   | Noticed a death yak
  5157 | Lair:4   | Noticed a death yak
  5157 | Shoals:1 | Entered Level 1 of the Shoals
  5284 | Shoals:1 | Reached XP level 13. HP: 52/90 MP: 17/22
  5304 | Shoals:1 | Reached skill level 19 in Stealth
  5349 | Shoals:1 | Learned a level 6 spell: Darkness
  5360 | Shoals:1 | Got a warped ring mail
  5366 | Shoals:1 | Identified the cursed +0 ring mail of the Mantidfly {Int+2} (You found it on level 1 of the Shoals)
  5373 | Shoals:1 | Killed Roxanne
  5373 | Shoals:1 | Reached skill level 10 in Necromancy
  5507 | Shoals:3 | Noticed Polyphemus
  5511 | Shoals:3 | Charly: gg
  5536 | Shoals:4 | Entered Level 4 of the Shoals
  5536 | Shoals:4 | Noticed Ilsuiw
  5566 | Shoals:2 | Slain by a griffon

Action                   |  1- 3 |  4- 6 |  7- 9 | 10-12 | 13-15 || total
-------------------------+-------+-------+-------+-------+-------++-------
Melee: Dagger            |    17 |    25 |    56 |   235 |     4 ||   337
       Quarterstaff      |       |       |       |    33 |       ||    33
 Cast: Corona            |     2 |       |       |       |       ||     2
       Ensorcelled Hiber |       |     7 |     8 |   140 |     3 ||   158
       Confuse           |       |     6 |    12 |    20 |     1 ||    39
       Dazzling Spray    |       |     1 |       |    26 |       ||    27
       Tukima's Dance    |       |       |       |     5 |     2 ||     7
       Animate Dead      |       |       |       |     9 |     1 ||    10
       Mephitic Cloud    |       |       |       |     1 |     6 ||     7
       Darkness          |       |       |       |       |     1 ||     1
Invok: Receive Corpses   |       |       |       |     8 |     2 ||    10
 Abil: Blink             |       |       |       |     5 |       ||     5
       End Transformatio |       |       |       |     2 |       ||     2
       Bat Form          |       |       |       |     2 |       ||     2
Evoke: Wand              |       |     3 |     2 |     5 |     1 ||    11
  Use: Scroll            |       |    13 |     4 |    17 |     4 ||    38
       Potion            |       |     1 |       |    13 |     1 ||    15
 Stab: Sleeping          |     7 |    10 |    28 |   117 |     2 ||   164
       Invisible         |       |     2 |     2 |     7 |       ||    11
       Confused          |       |       |     9 |     9 |       ||    18
       Distracted        |       |       |       |     5 |     2 ||     7
       Paralysed         |       |       |       |     3 |       ||     3
  Eat: Corpse            |       |       |       |     1 |     2 ||     3
